 Dungeon Crawl Stone Soup version 0.24-a0-631-g346d576 (webtiles) character file.

Game seed: 10180101467974610465, levelgen mode: deterministic

93 Charmandara the Chopper (level 4, -1/35 HPs)
             Began as a Demonspawn Fighter on Sept 21, 2019.
             Slain by an orc wizard
             ... wielding a +2 vampiric dagger
              (2 damage)
             ... on level 3 of the Dungeon.
             The game lasted 00:02:03 (1680 turns).

Charmandara the Chopper (Demonspawn Fighter)        Turns: 1680, Time: 00:02:04

Health: -1/35      AC:  8    Str: 22    XL:     4   Next: 36%
Magic:  4/4        EV:  7    Int:  9    God:
Gold:   122        SH:  9    Dex: 13    Spells: 3/3 levels left

rFire    . . .     SeeInvis .   a - +0 war axe
rCold    . . .     Gourm    .   c - +0 shield
rNeg     . . .     Faith    .   b - +0 scale mail
rPois    .         Spirit   .   (no helmet)
rElec    .         Reflect  .   (no cloak)
rCorr    .         Harm     .   (no gloves)
MR       .....                  j - +1 pair of boots
Stlth    ..........             (no amulet)
HPRegen  0.11/turn              (no ring)
MPRegen  0.09/turn              (no ring)

@: mighty
A: powered by death 2
a: no special abilities


You were on level 3 of the Dungeon.
You were not hungry.

You visited 1 branch of the dungeon, and saw 3 of its levels.

You collected 122 gold pieces.

Inventory:

Hand Weapons
 a - a +0 war axe (weapon)
Missiles
 k - 40 arrows
 l - 133 stones (quivered)
 m - 3 javelins
 n - 45 sling bullets
Armour
 b - a +0 scale mail (worn)
 c - a +0 shield (worn)
 j - a +1 pair of boots (worn)
   (You found it on level 1 of the Dungeon)
Scrolls
 g - a scroll of teleportation {unknown}
 h - a scroll of noise {unknown}
 i - 3 scrolls of remove curse {unknown}
 o - a scroll of magic mapping {unknown}
 r - a scroll of identify {unknown}
Potions
 e - a potion of resistance {unknown}
 p - a potion of curing {unknown}
 s - a potion of mutation {unknown}
 t - a potion of degeneration {unknown}
Comestibles
 f - 7 rations
 q - 7 chunks of flesh {@w0}


   Skills:
 - Level 3.0 Fighting
 + Level 4.2 Axes
 - Level 2.6 Armour
 - Level 2.6 Shields


You had 3 spell levels left.
You didn't know any spells.
Your spell library was empty.

Dungeon Overview and Level Annotations

Branches:
Dungeon (3/15)

Altars:
Zin
The Shining One


Innate Abilities, Weirdness & Mutations

You regenerate health from kills.


Message History

Health restored: 35 Eating one of 4 chunks of flesh {@w0}.
You eat one of the 4 chunks of flesh {@w0}.
A leopard gecko comes into view.
The leopard gecko moves out of view.
The leopard gecko is too close now for your liking.
You closely miss the leopard gecko. You block the leopard gecko's attack.
You miss the leopard gecko. You block the leopard gecko's attack.
The leopard gecko bites you.
You take 1 damage, and have 34/35 hp.
You slash the leopard gecko!
You kill the leopard gecko!
You see here a leopard gecko corpse.
You see here a leopard gecko corpse.
You butcher the leopard gecko corpse.
q - 5 chunks of flesh {@w0} (gained 2)
You see here a leopard gecko skeleton.
A giant cockroach comes into view.
Health restored: 35 A giant cockroach is nearby!
A rat comes into view.
The giant cockroach bites you but does no damage.
You block the giant cockroach's attack.
You slash the giant cockroach!
You kill the giant cockroach!
You see here a giant cockroach corpse.
You block the rat's attack.
You barely miss the rat. The rat barely misses you.
You barely miss the rat. The rat bites you. x2
You take 3 damage, and have 32/35 hp.
You completely miss the rat. You block the rat's attack.
You closely miss the rat. You block the rat's attack.
You hit the rat.
You kill the rat!
You see here a giant cockroach corpse.
You butcher the giant cockroach corpse.
q - 7 chunks of flesh {@w0} (gained 2)
A bat and an orc come into view.
The orc shouts!
You hear a shout!
An orc comes into view. It is wielding a +0 flail.
Found 18 arrows.
Found a stone staircase leading down.
There are monsters nearby!
An orc warrior comes into view. It is wielding a +0 hand axe.
An adder comes into view.
The bat hits you but does no damage.
A hobgoblin comes into view. It is wielding a +0 club.
Found an escape hatch in the ceiling.
You closely miss the bat.
The adder hisses angrily.
The bat hits you. The bat barely misses you. You block the bat's attack.
The bat hits you but does no damage.
You miss the bat. You block the bat's attack. x2
An orc wizard comes into view. It is wielding a +2 vampiric dagger.
You hit the orc. You slash the bat!
You kill the bat!
The orc hits you but does no damage. The adder barely misses you.
Health restored: 35 You closely miss the adder.
You completely miss the orc. You block the orc's attack. The adder bites you.
You block the adder's attack. The orc barely misses you.
You take 4 damage, and have 31/35 hp.
The orc wizard gestures wildly while chanting.
The orc wizard seems to speed up.
You regained 2 hp, and now have 33/35 hp.
Unknown command.
You feel very mighty all of a sudden. The orc hits you with a +0 flail.
The adder barely misses you.
The orc wizard mumbles some strange words.
The orc wizard flickers and vanishes!
Deactivating autopickup; reactivate with Ctrl-A.
You take 1 damage, and have 32/35 hp.
Unknown command.
You slash the adder!
You kill the adder!
You closely miss the orc. The orc closely misses you.
Unknown command.
You slash the orc warrior! You hit the orc.
The orc warrior completely misses you. The orc hits you with a +0 flail.
The orc warrior hits you with a +0 hand axe.
You take 3 damage, and have 29/35 hp.
You closely miss the orc warrior. You closely miss the orc.
Something hits you but does no damage. The orc hits you but does no damage.
You block the orc warrior's attack.
You hit the orc warrior. You barely miss the orc.
You completely miss something. You block something's attack.
The orc warrior hits you with a +0 hand axe!
You take 15 damage, and have 14/35 hp.
MASSIVE DAMAGE!!
You closely miss the orc warrior. You miss something. You hit the orc.
You kill the orc!
The orc warrior hits you with a +0 hand axe!
* * * LOW HITPOINT WARNING * * *
Something hits you but does no damage. The orc closely misses you.
The orc warrior hits you with a +0 hand axe.
* * * LOW HITPOINT WARNING * * *
You take 13 damage, and have 1/35 hp.
MASSIVE DAMAGE!!
Something hits you.
You die...

.. ...####### .........#
.........# ##### ...
#........# #...# #......#
#........# #...# #......#
#........# #...# #......####
#........###...###..........
#.......go.@................
<>.......o.......#..........
######.#####...#............
... ######...รท....... #....
#..##....... #..(.
##.##....... #....
#.##....... #....
#..#....... ##.######.#


You could see an orc warrior, an orc and a hobgoblin.

Vanquished Creatures
  4 adders
  An ooze (D:3)
  A worm (D:2)
  4 leopard geckos
  An orc (D:3)
  A ball python (D:1)
  4 giant cockroaches
  6 goblins
  3 hobgoblins (D:1)
  6 kobolds
  A quokka (D:3)
  6 bats
  4 rats
42 creatures vanquished.

Notes
Turn   | Place    | Note
-------+----------+-------------------------------------------
     0 | D:1      | Charmandara the Demonspawn Fighter began the quest for the
                  | Orb.
     0 | D:1      | Reached XP level 1. HP: 18/18 MP: 1/1
   122 | D:1      | Reached skill level 2 in Axes
   238 | D:1      | Gained mutation: You regenerate a little health from kills.
                  | [demonic ancestry]
   238 | D:1      | Reached XP level 2. HP: 14/24 MP: 2/2
   519 | D:1      | Reached skill level 3 in Axes
   745 | D:2      | Found a glowing silver altar of Zin.
   760 | D:2      | Found a faded altar of an unknown god.
   765 | D:2      | Reached XP level 3. HP: 22/29 MP: 3/3
  1284 | D:3      | Found a glowing golden altar of the Shining One.
  1316 | D:3      | HP: 7/29 [poisoned by an adder]
  1323 | D:3      | HP: 6/29 [poisoned by an adder]
  1331 | D:3      | HP: 4/29 [poisoned by an adder]
  1532 | D:3      | Reached skill level 4 in Axes
  1532 | D:3      | Gained mutation: You regenerate health from kills. [demonic
                  | ancestry]
  1532 | D:3      | Reached XP level 4. HP: 25/35 MP: 4/4
  1666 | D:3      | Noticed an orc warrior
  1679 | D:3      | HP: 4/35 [orc warrior/+0 hand axe (12)]
  1679 | D:3      | HP: 1/35 [orc warrior/+0 hand axe (3)]
  1680 | D:3      | Slain by an orc wizard

Levels and vault maps discovered:
D:1:      minmay_arrival_nine_rooms, layout_loops_ring
D:2:      layout_rooms, lemuel_doored_altar, chequers_ecumenical_altar_simple
D:3:      layout_basic, yredelemnul_altar_generic, lemuel_crystal_altar

Skill      XL: |  1  2  3 |
---------------+----------+-----
Axes           | 2 3 4 |  4.2
Fighting       | |  3.0
Armour         | |  2.6
Shields        | |  2.6

Action                   |  1- 3 |  4- 6 || total
-------------------------+-------+-------++-------
Melee: War axe           |   111 |    30 ||   141
Throw: Stone             |     4 |       ||     4
  Use: Potion            |       |     1 ||     1
  Eat: Chunk             |     2 |     1 ||     3
Armor: Scale mail        |    67 |    14 ||    81
Dodge: Dodged            |    42 |    11 ||    53
Block: Shield            |    54 |    17 ||    71

Table legend:
 A = Non-vault XP
 B = Vault XP
 C = Vault XP percentage of total XP
 D = Non-vault monster count
 E = Vault monster count
 F = Vault count percentage of total count
                 A         B        C        D         E       F
            +---------+---------+-------+---------+---------+-------
      Total |     133 |       0 |   0.0 |      42 |       0 |   0.0
            +---------+---------+-------+---------+---------+-------
        D:1 |      35 |       0 |   0.0 |      18 |       0 |   0.0
        D:2 |      31 |       0 |   0.0 |      10 |       0 |   0.0
        D:3 |      67 |       0 |   0.0 |      14 |       0 |   0.0
            +---------+---------+-------+---------+---------+-------

Levels and vault maps discovered:
D:1:      minmay_arrival_nine_rooms, layout_loops_ring
D:2:      layout_rooms, lemuel_doored_altar, chequers_ecumenical_altar_simple
D:3:      layout_basic, yredelemnul_altar_generic, lemuel_crystal_altar

Table legend:
 A = Turns spent in this place as a percentage of turns spent in the entire game.
 B = Non-inter-level travel turns spent in this place as a percentage of non-inter-level travel turns spent in the entire game.
 C = Inter-level travel turns spent in this place as a percentage of turns spent in this place.
 D = Turns resting spent in this place as a percentage of non-inter-level travel turns spent in this place.
 E = Turns spent auto-exploring this place as a percentage of non-inter-level travel turns spent in this place.
 F = Non-inter-level travel turns spent in this place divided by the number of levels of this place that you've seen.
                   A       B       C       D       E      F
               +-------+-------+-------+-------+-------+----------------------
         Total | 100.0 | 100.0 |   2.0 |  21.2 |  58.6 | 548.7
       Dungeon | 100.0 | 100.0 |   2.0 |  21.2 |  58.6 | 548.7
               +-------+-------+-------+-------+-------+----------------------

Table legend:
 A = Kills in this place as a percentage of kills in entire the game.
 B = Kills by you in this place as a percentage of kills by you in the entire game.
 C = Kills by friends in this place as a percentage of kills by friends in the entire game.
 D = Other kills in this place as a percentage of other kills in the entire game.
 E = Experience gained in this place as a percentage of experience gained in the entire game.
 F = Experience gained in this place divided by the number of levels of this place that you have seen.
                   A       B       C       D       E      F
               +-------+-------+-------+-------+-------+----------------------
         Total | 100.0 | 100.0 |   N/A |   N/A | 100.0 |  44.3
       Dungeon | 100.0 | 100.0 |   N/A |   N/A | 100.0 |  44.3
               +-------+-------+-------+-------+-------+----------------------
